 Dungeon Crawl Stone Soup version 0.20-a0-1122-gb7cbeb9 (webtiles) character file.

284 HAL9000 the Cudgeler (level 6, -2/62 HPs)
             Began as an Ogre Hunter on May 12, 2017.
             Slain by derval's ghost (12 damage)
             ... on level 4 of the Dungeon.
             The game lasted 00:08:25 (4784 turns).

HAL9000 the Cudgeler (Ogre Hunter)                  Turns: 4784, Time: 00:08:26

Health: -2/62      AC:  3    Str: 24    XL:     6   Next: 29%
Magic:  6/6        EV: 10    Int: 12    God:
Gold:   186        SH:  0    Dex:  9    Spells: 5/5 levels left

rFire    . . .     SeeInvis .   D - +0 flail
rCold    . . .     Gourm    .   (no shield)
rNeg     . . .     Faith    .   b - +0 robe
rPois    .         Spirit   .   (helmet restricted)
rElec    .         Reflect  .   (no cloak)
rCorr    .         Harm     .   (gloves unavailable)
MR       .....                  (boots unavailable)
Stlth    +.........             (no amulet)
Regen    0.2/turn               (no ring)
MPRegen  0.1/turn               (no ring)

@: mighty
A: unfitting armour, tough skin 1
a: no special abilities


You were on level 4 of the Dungeon.
You were hungry.

You visited 1 branch of the dungeon, and saw 4 of its levels.

You collected 186 gold pieces.

Inventory:

Hand Weapons
 D - a +0 flail (weapon)
Missiles
 c - 2 large rocks (quivered)
 d - 2 throwing nets
Armour
 b - a +0 robe (worn)
Wands
 G - a wand of paralysis (13/24)
Scrolls
 h - 6 scrolls of remove curse {unknown}
 l - 2 scrolls of enchant weapon {unknown}
 m - 6 scrolls of teleportation {unknown}
 t - a scroll of identify {unknown}
 y - a scroll of enchant armour {unknown}
 E - a scroll of amnesia {unknown}
Potions
 v - a potion of invisibility {unknown}
 x - 2 potions of lignification {unknown}
 B - a potion of berserk rage {unknown}
 I - a potion of flight {unknown}
Comestibles
 f - 6 bread rations
 s - a royal jelly
 A - a meat ration


   Skills:
 - Level 3.6 Fighting
 + Level 5.1 Maces & Flails
 - Level 4.0 Throwing
 - Level 1.7 Dodging
 - Level 0.6 Stealth


You had 5 spell levels left.
You didn't know any spells.

Dungeon Overview and Level Annotations

Branches:
Dungeon (4/15)
 Temple: D:4-7

Altars:
Dithmenos
Kikubaaqudgha

Annotations:
D:4 derval's ghost, amateur DsAK


Innate Abilities, Weirdness & Mutations

You are too large for most types of armour.
You have tough skin. (AC +1)


Message History

Derval's ghost hits you!
You closely miss derval's ghost. Derval's ghost hits you.
You closely miss derval's ghost. Derval's ghost hits you!
You barely miss derval's ghost. Derval's ghost closely misses you.
You closely miss derval's ghost. Derval's ghost barely misses you.
You closely miss derval's ghost. Derval's ghost hits you.
Derval's ghost hits you!
You closely miss derval's ghost.
Derval's ghost hits you but does no damage.
You sock derval's ghost!
Derval's ghost is moderately damaged.
Derval's ghost hits you!
You hit derval's ghost but do no damage.
Derval's ghost is moderately damaged.
Derval's ghost hits you!
* * * LOW HITPOINT WARNING * * *
You thump derval's ghost!
Derval's ghost is heavily damaged.
Derval's ghost hits you!
You die...

#.##...## #≈... #.
##.## ###.# .
##.##### #.# ##
#..[##.. # #_#
#...##.# .#. ###
#...##.# ...
#...##.# ..
####...##.##.#
...........@(.#
..........W........
................(..
#####...#####.####.
#...# ... #...#
#### #..?# #...


You could see derval's ghost.

Vanquished Creatures
  An ogre (D:4)
  Jessica (D:2)
  A hound skeleton (D:4)
  5 adders
  2 oozes
  A leopard gecko (D:2)
  9 orcs
  A ball python (D:1)
  6 bats
  4 giant cockroaches
  14 goblins
  24 hobgoblins
  4 kobolds
  A quokka (D:2)
  A ball python skeleton (D:3)
  3 frilled lizards
  9 rats
  3 rat zombies (D:4)
90 creatures vanquished.

Notes
Turn   | Place    | Note
-------+----------+-------------------------------------------
     0 | D:1      | HAL9000 the Ogre Hunter began the quest for the Orb.
     0 | D:1      | Reached XP level 1. HP: 22/22 MP: 1/1
   134 | D:1      | Reached XP level 2. HP: 7/31 MP: 2/2
   716 | D:1      | Reached skill level 1 in Maces & Flails
   923 | D:1      | Reached XP level 3. HP: 37/39 MP: 3/3
  1637 | D:1      | Reached skill level 2 in Maces & Flails
  1746 | D:2      | Found a shadowy altar of Dithmenos.
  2055 | D:2      | Noticed Jessica
  2067 | D:2      | Killed Jessica
  2067 | D:2      | Reached XP level 4. HP: 28/48 MP: 4/4
  2357 | D:2      | Reached skill level 3 in Maces & Flails
  3279 | D:3      | Reached XP level 5. HP: 54/54 MP: 5/5
  3741 | D:3      | Reached skill level 4 in Maces & Flails
  4512 | D:4      | Found an ancient bone altar of Kikubaaqudgha.
  4763 | D:4      | Noticed an ogre
  4766 | D:4      | Killed an ogre
  4766 | D:4      | Reached skill level 5 in Maces & Flails
  4766 | D:4      | Reached XP level 6. HP: 62/62 MP: 6/6
  4772 | D:4      | Noticed derval's ghost (amateur DsAK)
  4784 | D:4      | Slain by derval's ghost

Vault maps used:
D:1:      scummos_arrival_star, minmay_tromino_v4_a
D:2:      old_standard_altar, minmay_misc_feat_x, uniq_jessica
D:3:      corexii_leaking_fountain, guppyfry_early_orc_mine
D:4:      grunt_temple_overflow_open, lemuel_zombie_altar_kikubaaqudgha,
          grunt_qazlal_clouds, first_bread, minmay_misc_feat_encased,
          doesnt_xom_only_xom

Skill      XL: |  1  2  3  4  5 |
---------------+----------------+-----
Fighting       | 3 |  3.6
Maces & Flails | 1 2 3 5 |  5.1
Throwing       | |  4.0
Dodging        | |  1.7
Stealth        | |  0.6

Action                   |  1- 3 |  4- 6 || total
-------------------------+-------+-------++-------
Melee: Short sword       |    45 |       ||    45
       Club              |    87 |       ||    87
       Whip              |    22 |    89 ||   111
       Flail             |       |   109 ||   109
Throw: Large rock        |     7 |     3 ||    10
  Use: Potion            |       |     5 ||     5
 Stab: Sleeping          |     2 |     1 ||     3
  Eat: Chunk             |     4 |     8 ||    12
Armor: Robe              |    54 |    46 ||   100
Dodge: Dodged            |    81 |    91 ||   172
